Map: Catalyst LE

Players

Starlord

  • Race: Terran Terran
  • League: Grandmaster
  • Spawn Location: 11:00

Pacomike - Winner!

  • Race: Protoss Protoss
  • League: Grandmaster
  • Spawn Location: 5:00

VOD

Have the link to the VOD?

Description

Time

  • Played on: Jan. 14, 2018, 8:20 p.m.
  • Length: 15:56
Show
View Real Time Build Order
Export as new Build Order

Starlord Terran 

Build Orders:  

Get SALT Encoding   

  12  0:01  SCV  
  13  0:14  SCV  
  13  0:18  Supply Depot  
  14  0:26  SCV  
  15  0:30  Refinery  
  15  0:40  SCV  
  16  0:45  Barracks  
  16  0:52  SCV  
  17  1:04  SCV  
  18  1:16  SCV  
  19  1:31  SCV  
  20  1:39  Reaper  
  21  1:43  Orbital Command  
  21  1:54  Command Center  
  21  2:05  Barracks  
  21  2:10  SCV  
  21  2:14  Barracks Reactor  
  22  2:20  Supply Depot  
  22  2:22  SCV  
  23  2:31  Ghost Academy  
  23  2:41  SCV  
  23  2:42  Refinery  
  24  2:49  Marine  
  24  2:50  Marine  
  26  2:54  Barracks Tech Lab  
  26  3:07  Marine  
  26  3:08  Orbital Command, Marine  
  27  3:20  Ghost  
  27  3:24  SCV  
  30  3:28  Marine x2  
  30  3:31  Factory  
  31  3:43  SCV x2  
  31  3:47  Supply Depot  
  34  3:55  SCV  
  34  3:56  Ghost  
  34  3:58  Marine x2  
  38  4:04  SCV  
  39  4:15  SCV  
  39  4:16  SCV  
  41  4:18  Barracks, Factory Tech Lab  
  41  4:19  Supply Depot  
  41  4:27  SCV  
  41  4:28  SCV  
  43  4:33  Marine x2  
  43  4:35  Bunker  
  45  4:38  Starport  
  45  4:39  SCV  
  45  4:43  Ghost  
  46  4:50  SCV  
  47  4:54  Refinery  
  47  5:03  SCV  
  48  5:09  SCV, Supply Depot  
  48  5:10  Siege Tank, Marine x2  
  48  5:12  Barracks Tech Lab  
  54  5:16  SCV  
  55  5:24  SCV  
  56  5:32  SCV  
  56  5:33  Starport Reactor  
  56  5:34  Marine x3  
  60  5:39  Refinery  
  56  6:01  Marine x2  
  56  6:03  Combat Shields, Marauder  
  59  6:05  Siege Tank  
  59  6:07  Supply Depot  
  59  6:09  Barracks x2  
  59  6:10  Marauder  
  64  6:13  SCV x2  
  66  6:23  Engineering Bay  
  64  6:30  Supply Depot  
  62  6:35  SCV  
  62  6:36  SCV  
  62  6:39  Marine  
  66  6:40  Marauder, Marine  
  66  6:41  Medivac x2  
  66  6:44  Barracks  
  66  6:46  Supply Depot  
  72  6:47  SCV  
  72  6:51  Terran Infantry Weapons Level 1  
  71  7:07  Barracks Reactor, Barracks Tech Lab  
  71  7:11  Supply Depot  
  71  7:14  Medivac x2  
  75  7:16  Siege Tank  
  75  7:19  Marine x2  
  75  7:22  Stimpack  
  80  7:37  Marine  
  80  7:38  Marauder, Marine  
  80  7:39  Concussive Shells, Barracks Tech Lab  
  84  7:44  Marine  
  84  7:45  Marauder, Marine  
  88  7:54  Siege Tank, Medivac x2  
  88  7:55  Marine  
  88  7:56  Supply Depot x2  
  88  7:58  SCV  
  97  7:59  Marauder  
  97  8:01  Marauder, Marine  
  102  8:17  Marauder, Marine x2  
  102  8:18  Supply Depot  
  106  8:20  Marine  
  106  8:21  Marauder, Supply Depot  
  106  8:23  Marauder  
  111  8:39  Marauder  
  113  8:42  Marauder, Marine  
  113  8:43  Siege Tank  
  113  8:44  Marauder  
  116  9:01  Marine  
  116  9:02  Marauder  
  113  9:05  Marine  
  113  9:06  Marauder  
  116  9:15  Siege Tank  
  115  9:24  Marauder x2, Medivac, Marine  
  99  9:46  Liberator  
  99  9:47  Siege Tank  
  99  9:52  Marauder x2, Marine  
  107  9:56  Marine x4  
  107  9:58  Terran Infantry Armor Level 1  
  107  9:59  Supply Depot  
  111  10:00  Armory  
  111  10:01  Supply Depot  
  111  10:06  Command Center  
  114  10:09  Marine  
  114  10:13  Marine x2  
  114  10:14  Supply Depot, Marine  
  117  10:15  Marauder  
  120  10:27  Marine  
  121  10:29  Siege Tank, Medivac  
  121  10:31  Marauder x2  
  122  10:36  Marauder  
  122  10:39  Marine  
  120  10:53  Marauder x2  
  120  10:55  Marine  
  120  10:56  Marine  
  125  10:57  Marauder  
  125  10:59  SCV x2  
  112  11:14  Marauder  
  112  11:16  Siege Tank, Medivac x2  
  121  11:24  Orbital Command  
  121  11:26  Refinery  
  121  11:27  Marine  
  121  11:28  Marauder x2, Marine  
  127  11:35  SCV x2  
  129  11:42  Marine  
  130  11:47  SCV  
  130  11:51  Marine  
  130  11:52  Marauder, Terran Infantry Weapons Level 2  
  133  12:01  Marauder, Marine  
  136  12:05  Marine  
  136  12:06  Marauder  
  139  12:08  Marine  
  139  12:10  SCV  
  139  12:12  Barracks x2  
  139  12:13  Marauder  
  139  12:15  Liberator  
  125  12:16  Liberator, Siege Tank  
  131  12:35  SCV x2  
  135  12:49  SCV  
  136  12:51  Marauder, Marine x4  
  136  12:52  Marauder, Marine  
  136  12:54  Siege Tank  
  136  12:57  Terran Vehicle Weapons Level 1  
  136  12:58  Liberator x2  
  148  12:59  SCV  
  148  13:00  Barracks Tech Lab  
  148  13:01  Barracks Tech Lab, Command Center  
  149  13:09  Marine x4  
  149  13:10  Marauder  
  160  13:27  Marine x3  
  157  13:40  Marauder  
  157  13:41  Liberator x2  
  153  13:49  Marine x2  
  153  13:50  Marauder x2  
  153  13:53  Supply Depot  
  153  13:54  Refinery, Supply Depot  
  162  14:22  Marauder  
  162  14:24  Liberator x2  
  162  14:26  Orbital Command  
  162  14:28  Marauder x2, Marine  
  162  14:31  Refinery  
  171  14:54  Marauder  
  148  15:07  Marauder, Marine x2  
  148  15:08  Marauder  
  154  15:17  Marine  
  154  15:18  Orbital Command, Marauder x3, Marine  
  147  15:29  Marauder  
Show
View Real Time Build Order
Export as new Build Order

Pacomike Protoss - Winner!

Build Orders: 1 Gate Expand, Blink Stalkers 

Get SALT Encoding   

  12  0:01  Probe  
  13  0:13  Probe  
  14  0:18  Pylon  
  14  0:25  Probe  
  15  0:38  Gateway, Probe  
  16  0:44  Assimilator  
  16  0:50  Probe (Chrono Boost)  
  17  1:01  Probe (Chrono Boost)  
  18  1:06  Probe (Chrono Boost)  
  19  1:24  Nexus  
  19  1:33  Cybernetics Core  
  19  1:37  Probe  
  20  1:45  Assimilator  
  20  1:49  Probe  
  21  1:58  Pylon  
  21  2:01  Probe  
  22  2:10  Warp Gate  
  22  2:13  Probe  
  22  2:14  Stalker (Chrono Boost)  
  25  2:25  Probe  
  26  2:36  Probe  
  27  2:37  Stalker (Chrono Boost)  
  27  2:38  Probe  
  30  2:48  Probe  
  30  2:50  Probe, Twilight Council  
  32  2:58  Stalker (Chrono Boost)  
  32  3:04  Probe  
  35  3:11  Probe  
  36  3:19  Pylon  
  36  3:23  Probe  
  36  3:25  Robotics Facility  
  37  3:32  Probe  
  38  3:35  Probe  
  38  3:38  Blink (Chrono Boost)  
  39  3:44  Probe  
  40  3:54  Probe  
  41  3:57  Gateway x2  
  41  4:00  Pylon  
  41  4:06  Probe  
  40  4:10  Pylon  
  40  4:14  Observer (Chrono Boost)  
  40  4:15  Stalker  
  42  4:18  Probe  
  42  4:22  Probe  
  43  4:35  Probe  
  44  4:40  Probe  
  47  4:48  Probe  
  47  4:51  Stalker x2  
  52  4:57  Stalker  
  52  4:59  Probe  
  55  5:02  Observer (Chrono Boost)  
  55  5:03  Probe  
  55  5:06  Assimilator  
  55  5:10  Pylon  
  55  5:11  Probe  
  56  5:14  Stalker x2  
  56  5:20  Stalker  
  62  5:28  Probe x2  
  63  5:40  Probe  
  64  5:47  Nexus  
  63  5:50  Pylon  
  63  6:03  Probe x2  
  65  6:11  Forge x2  
  65  6:15  Probe x2, Immortal  
  65  6:16  Gateway  
  71  6:18  Gateway  
  71  6:19  Gateway  
  71  6:31  Stalker  
  71  6:32  Stalker x2  
  74  6:35  Pylon  
  74  6:38  Probe  
  75  6:41  Probe  
  73  6:56  Protoss Ground Weapons Level 1 (Chrono Boost), Protoss Ground Armor Level 1 (Chrono Boost)  
  76  7:01  Immortal  
  76  7:12  Probe  
  77  7:16  Sentry x3  
  77  7:18  Probe  
  84  7:23  Probe  
  84  7:24  Probe  
  86  7:30  Probe  
  86  7:36  Probe x2  
  89  7:42  Probe  
  90  7:47  Pylon  
  90  7:49  Pylon  
  90  7:50  Pylon  
  90  7:53  Zealot  
  90  7:54  Probe  
  93  8:05  Probe x2, Immortal  
  99  8:14  Probe  
  99  8:16  Pylon  
  99  8:17  Assimilator  
  99  8:19  Zealot x5  
  110  8:20  Zealot, Robotics Bay  
  111  8:46  Pylon  
  101  9:05  Zealot x3  
  101  9:08  Zealot x3  
  109  9:10  Charge (Chrono Boost)  
  95  9:28  Stalker x4  
  85  9:33  Zealot  
  85  9:35  Zealot  
  87  9:44  Pylon  
  85  9:46  Pylon  
  85  9:50  Extended Thermal Lance  
  85  9:52  Zealot, Stalker  
  87  9:53  Zealot x2  
  87  9:54  Probe  
  87  9:56  Probe  
  87  9:57  Assimilator  
  87  9:58  Zealot  
  87  9:59  Zealot  
  99  10:01  Probe  
  99  10:07  Probe  
  101  10:13  Zealot x3  
  107  10:15  Gateway  
  107  10:16  Gateway  
  95  10:29  Zealot x2  
  98  10:42  Pylon  
  96  10:56  Probe  
  97  11:04  Zealot  
  89  11:12  Zealot x2  
  93  11:18  Zealot x3  
  99  11:27  Pylon  
  99  11:28  Pylon, Nexus  
  99  11:30  Pylon  
  99  11:32  Pylon  
  99  11:34  Pylon  
  99  11:36  Pylon  
  99  11:37  Zealot x3  
  105  11:43  Cybernetics Core  
  105  11:44  Pylon  
  105  11:46  Pylon  
  105  11:47  Colossus  
  105  11:50  Probe x3 (Chrono Boost)  
  105  11:51  Assimilator  
  105  11:53  Pylon  
  114  11:56  Assimilator  
  114  11:58  Protoss Ground Weapons Level 2 (Chrono Boost)  
  114  12:00  Probe x2 (Chrono Boost)  
  110  12:04  Zealot x5  
  120  12:19  Protoss Ground Armor Level 2 (Chrono Boost)  
  118  12:39  Zealot  
  118  12:40  Zealot x3  
  118  12:41  Colossus  
  132  12:45  Pylon  
  132  12:50  Probe  
  133  12:52  Probe x2  
  133  12:56  Observer  
  135  13:02  Probe  
  135  13:03  Probe  
  135  13:04  Probe  
  133  13:25  Stalker  
  133  13:26  Stalker x7  
  149  13:29  Probe  
  148  13:40  Colossus (Chrono Boost)  
  146  13:49  Nexus  
  146  13:53  Sentry x3  
  152  14:02  Zealot x2  
  154  14:03  Zealot  
  158  14:17  Stalker  
  158  14:18  Stalker x3  
  164  14:24  Zealot  
  164  14:25  Zealot  
  168  14:33  Observer (Chrono Boost)  
  172  14:41  Stalker x3  
  172  14:42  Zealot x2  
  173  14:45  Zealot  
  175  14:56  Zealot x2  
  173  15:06  Probe  
  160  15:15  Stalker x6  
  169  15:30  Zealot x2  
  149  15:41  Zealot x6  
Tags
 
Add a new tag
Caveats
  • Supply blocks, unpowered buildings, or Contaminate may cause inaccurate times.
  • Supply counts are checked every 10 seconds.